 Dungeon Crawl Stone Soup version 0.31-a0-1178-gc5c9b8f871 (webtiles) character file.

Game seed: 12547668728891804488

8229 qw the Skirmisher (level 11, -1/68 HPs)
             Began as a Gargoyle Hunter on Dec 11, 2023.
             Was a High Priest of Okawaru.
             Slain by a flying skull (8 damage)
             ... on level 10 of the Dungeon.
             The game lasted 00:04:07 (7814 turns).

qw the Skirmisher (Gargoyle Hunter)                 Turns: 7814, Time: 00:04:08

Health: -1/68      AC: 17    Str: 15    XL:     11   Next: 27%
Magic:  18/18      EV: 15    Int: 10    God:    Okawaru [*****.]
Gold:   599        SH:  0    Dex: 23    Spells: 10/10 levels left

rFire   + . .        a - +2 shortbow (drain)
rCold   + . .        (shield currently unavailable)
rNeg    + . .        t - +2 leather armour {rF+}
rPois   inf          s - +2 hat
rElec   +            u - +0 cloak
rCorr   .            d - +0 pair of gloves
SInv    .            (no boots)
Will    .....        q - amulet of regeneration
Stlth   ++           o - +6 ring of dexterity
HPRegen 1.11/turn    g - ring of protection from cold
MPRegen 0.16/turn

%: no passive effects
@: no status effects
A: sickness immunity, AC +8, negative energy resistance 1, electricity
resistance, torment resistance 1, petrification resistance
a: Renounce Religion, Heroism, Finesse, Duel


You were on level 10 of the Dungeon.
You worshipped Okawaru.
Okawaru was extremely pleased with you.
You visited 2 branches of the dungeon, and saw 11 of its levels.

You collected 599 gold pieces.


Innate Abilities, Weirdness & Mutations

You are immune to sickness and miasma.
Your stone body is resilient. (AC +8)
You are immune to poison.
You resist negative energy. (rN+)
You are resistant to electric shocks. (rElec)
You are resistant to unholy torment.
You are immune to petrification.


   Skills:
 - Level 8.0 Fighting
 - Level 12.1 Ranged Weapons
 - Level 2.3 Armour
 + Level 4.6 Dodging
 - Level 1.1 Stealth
 + Level 9.8 Invocations


You had 10 spell levels left.
You didn't know any spells.
Your spell library was empty.

Inventory:

Hand Weapons
 a - a +2 shortbow of draining (weapon)
Armour
 d - a +0 pair of gloves (worn)
 s - a +2 hat (worn)
 t - a +2 leather armour of fire resistance (worn)
 u - a +0 cloak (worn)
Jewellery
 b - a ring of positive energy
 g - a ring of protection from cold (right hand)
 o - a +6 ring of dexterity (left hand)
 q - an amulet of regeneration (around neck)
 Y - a ring of willpower
Wands
 h - a wand of mindburst (9)
 k - a wand of paralysis (16)
 p - a wand of iceblast (9)
Potions
 e - 5 potions of curing
 f - a potion of cancellation
 i - a potion of might {unknown}
 j - 2 potions of enlightenment
 l - a potion of attraction {unknown}
 m - a potion of haste {unknown}
 r - a potion of mutation {unknown}

Dungeon Overview and Level Annotations

Branches:
Dungeon (10/15)            Temple (1/1) D:4             Orc (0/2) D:9
   Lair: D:8-11

Altars:
Ashenzari
Cheibriados
Dithmenos
Elyvilon
Fedhas
Gozag
Hepliaklqana
Kikubaaqudgha
Makhleb
Nemelex Xobeh
Okawaru
Qazlal
Ru
Uskayaw
Vehumet
Wu Jian
Xom
Yredelemnul
Zin
The Shining One

Shops:
D:4 :

Annotations:
D:5 1 transporter


Message History

You shoot an arrow. The arrow misses the flying skull.
The flying skull misses you.
The gnoll hits you but does no damage. x2
The flying skull hits you but does no damage.
You shoot an arrow.
The arrow hits the flying skull but does no damage.
The gnoll closely misses you.
The flying skull hits you but does no damage.
The gnoll barely misses you.
You shoot an arrow. The arrow hits the flying skull.
The flying skull is lightly damaged.
The flying skull barely misses you. The gnoll hits you but does no damage.
The gnoll barely misses you.
You shoot an arrow.
The arrow hits the flying skull but does no damage.
The flying skull is lightly damaged.
The flying skull hits you. The gnoll barely misses you.
You shoot an arrow.
The arrow barely misses the flying skull.
The flying skull hits you but does no damage.
The gnoll hits you but does no damage.
You blink.
You shoot an arrow. The arrow hits the gnoll.
You drain the gnoll.
You kill the gnoll!
Okawaru accepts your kill.
You shoot an arrow. The arrow hits the gnoll!
You drain the gnoll.
You kill the gnoll!
Okawaru accepts your kill.
You shoot an arrow. The arrow hits the flying skull.
The flying skull is moderately damaged.
You shoot an arrow.
The arrow closely misses the flying skull.
The flying skull hits you but does no damage.
You shoot an arrow. The arrow hits the flying skull.
The flying skull is heavily damaged.
The flying skull closely misses you. The flying skull hits you.
You shoot an arrow. The arrow hits the flying skull.
The flying skull is severely damaged.
The flying skull hits you but does no damage.
You shoot an arrow. The arrow misses the flying skull.
The flying skull hits you!
You die...

#########
#.......#
#.......#
#..@z.<.#
+....)..#######
#....)..#......
...........8..~~
.#........##. #
....#....#
##.#.#....#
.........#
#.##....


You could see a flying skull.

Vanquished Creatures
  A two-headed ogre (D:9)
  Pikel (D:9)
  A centaur zombie (D:10)
  A kobold demonologist (D:9)
  A flying skull (D:9)
  4 wyverns
  15 yaks (D:9)
  An acid dragon (D:8)
  2 water moccasins (D:8)
  6 orc warriors
  An ice beast (D:7)
  3 sky beasts
  An ogre (D:7)
  2 lemures (D:9)
  A phantom (D:5)
  3 kobold brigands
  3 bullfrogs
  3 gnoll sergeants
  3 scorpions
  7 wights
  A gnoll bouda (D:9)
  8 orc priests
  3 hounds
  3 jellies
  2 sleepcaps
  Terence (D:2)
  5 iguanas
  7 orc wizards
  17 gnolls
  9 adders
  3 white imps
  6 ufetubi (D:6)
  2 worms
  3 dart slugs
  37 orcs
  7 ball pythons
  4 bats
  9 endoplasms
  3 giant cockroaches
  5 hobgoblins
  2 quokkas (D:3)
  5 frilled lizards
  9 goblins
  17 kobolds
  4 rats
232 creatures vanquished.

Notes
Turn   | Place    | Note
-------+----------+-------------------------------------------
     0 | D:1      | qw the Gargoyle Hunter began the quest for the Orb.
     0 | D:1      | Reached XP level 1. HP: 12/12 MP: 1/1
     0 | D:1      | 0 ||| qw: Version: 0.3-a-106-g2cfff9e
     0 | D:1      | 0 ||| qw: Game counter: 1965
     0 | D:1      | 0 ||| qw: Melee chars always use a shield: true
     0 | D:1      | 0 ||| qw: God list: Okawaru
     0 | D:1      | 0 ||| qw: Allow faded altars: false
     0 | D:1      | 0 ||| qw: Do Orc after clearing Dungeon:15 true
     0 | D:1      | 0 ||| qw: Do second Lair branch before Depths: true
     0 | D:1      | 0 ||| qw: Lair rune preference: random
     0 | D:1      | 0 ||| qw: Goals: Normal, Save, Zot:1-4, Win
     0 | D:1      | 0 ||| PLANNING D:1-11
    43 | D:1      | Found a faded altar of an unknown god.
   133 | D:1      | Reached XP level 2. HP: 17/17 MP: 2/2
   479 | D:1      | Reached XP level 3. HP: 21/21 MP: 3/3
   677 | D:1      | Reached skill level 5 in Ranged Weapons
   921 | D:1      | 921 ||| DRINKING 2 black potions.
   922 | D:1      | 922 ||| DROPPING scroll of butterflies.
  1228 | D:2      | You fall into a shaft and drop 2 floors!
  1271 | D:4      | Found Intuis's Self-Improvement Boutique.
  1283 | D:4      | Reached skill level 3 in Fighting
  1314 | D:4      | 1314 ||| UPGRADING to ring of willpower.
  1315 | D:4      | 1315 ||| READING scroll labelled LAUMUR YSKOOSCH.
  1416 | D:4      | 1416 ||| READING scroll labelled NEVOTTO CITAL.
  1422 | D:4      | 1422 ||| READING scroll labelled AMAKONOSHRU.
  1447 | D:4      | Reached XP level 4. HP: 24/28 MP: 4/4
  1486 | D:3      | Found a hazy altar of Hepliaklqana.
  1510 | D:3      | 1510 ||| READING scroll labelled HODUCL EXTAKH.
  1510 | D:3      | 1510 ||| ENCHANTING +0 shortbow.
  1820 | D:2      | Noticed Terence
  1837 | D:2      | Killed Terence
  2203 | D:2      | 2203 ||| UPGRADING to ring of protection from cold.
  2204 | D:2      | 2204 ||| DRINKING 2 fuming emerald potions.
  2205 | D:2      | 2205 ||| DRINKING 2 murky purple potions.
  2290 | D:3      | Found an opulent altar of Gozag.
  2368 | D:3      | Found a glowing silver altar of Zin.
  2373 | D:3      | 2373 ||| READING scroll of enchant weapon.
  2373 | D:3      | 2373 ||| ENCHANTING +1 shortbow.
  2464 | D:3      | Reached XP level 5. HP: 32/32 MP: 5/5
  2936 | D:3      | 2936 ||| DRINKING 2 murky yellow potions.
  2937 | D:3      | 2937 ||| DROPPING potion of invisibility.
  2951 | D:4      | Found a staircase to the Ecumenical Temple.
  2952 | D:4      | 2952 ||| PLANNING TEMPLE
  2954 | D:4      | 2954 ||| STAIRDANCE
  2995 | D:4      | 2995 ||| STAIRDANCE
  3003 | D:3      | Reached skill level 6 in Ranged Weapons
  3074 | D:4      | 3074 ||| STAIRDANCE
  3170 | D:4      | 3170 ||| STAIRDANCE
  3175 | D:4      | 3175 ||| STAIRDANCE
  3185 | D:4      | 3185 ||| STAIRDANCE
  3193 | D:4      | Found a burning altar of Makhleb.
  3198 | Temple   | Entered the Ecumenical Temple
  3199 | Temple   | 3199 ||| PLANNING OKAWARU WORSHIP
  3215 | Temple   | Became a worshipper of Warmaster Okawaru
  3216 | Temple   | 3216 ||| PLANNING D:1-11
  3270 | D:4      | Reached XP level 6. HP: 35/38 MP: 6/6
  3475 | D:4      | Identified the +8 flail "Miso" {heavy, Str+2}
  3518 | D:4      | Found a white marble altar of Elyvilon.
  3846 | D:4      | Found an ornate altar of the Wu Jian Council.
  3846 | D:4      | Found a radiant altar of Vehumet.
  3847 | D:4      | 3847 ||| UPGRADING to +6 ring of dexterity.
  3849 | D:4      | 3849 ||| READING scroll labelled UNODUF XYOZ.
  3850 | D:4      | 3850 ||| DRINKING 2 dark potions.
  3889 | D:4      | 3889 ||| DROPPING potion of lignification.
  3916 | D:5      | Entered Level 5 of the Dungeon
  3969 | D:5      | Reached XP level 7. HP: 42/43 MP: 7/7
  4080 | D:5      | Found a stormy altar of Qazlal.
  4128 | D:5      | Reached skill level 7 in Ranged Weapons
  4205 | D:5      | 4205 ||| FLEEEEING.
  4215 | D:5      | Reached * piety under Okawaru
  4222 | D:5      | HP: 10/43 [kobold brigand/+0 club (5)]
  4223 | D:5      | 4223 ||| READING 2 scrolls of teleportation.
  4224 | D:5      | 4224 ||| DRINKING potion of heal wounds.
  4228 | D:5      | 4228 ||| FLEEEEING.
  4229 | D:5      | 4229 ||| FLEEEEING.
  4234 | D:5      | 4234 ||| FLEEEEING.
  4235 | D:5      | 4235 ||| FLEEEEING.
  4240 | D:5      | 4240 ||| FLEEEEING.
  4241 | D:5      | 4241 ||| FLEEEEING.
  4242 | D:5      | 4242 ||| FLEEEEING.
  4243 | D:5      | 4243 ||| FLEEEEING.
  4244 | D:5      | 4244 ||| FLEEEEING.
  4249 | D:5      | 4249 ||| FLEEEEING.
  4250 | D:5      | 4250 ||| FLEEEEING.
  4251 | D:5      | 4251 ||| FLEEEEING.
  4252 | D:5      | 4252 ||| FLEEEEING.
  4253 | D:5      | 4253 ||| FLEEEEING.
  4273 | D:5      | Reached skill level 1 in Invocations
  4292 | D:5      | 4292 ||| FLEEEEING.
  4293 | D:5      | 4293 ||| FLEEEEING.
  4294 | D:5      | 4294 ||| FLEEEEING.
  4295 | D:5      | 4295 ||| FLEEEEING.
  4296 | D:5      | 4296 ||| FLEEEEING.
  4297 | D:5      | 4297 ||| FLEEEEING.
  4298 | D:5      | 4298 ||| FLEEEEING.
  4299 | D:5      | 4299 ||| FLEEEEING.
  4300 | D:5      | 4300 ||| FLEEEEING.
  4301 | D:5      | 4301 ||| FLEEEEING.
  4305 | D:5      | 4305 ||| FLEEEEING.
  4306 | D:5      | 4306 ||| FLEEEEING.
  4307 | D:5      | 4307 ||| FLEEEEING.
  4308 | D:5      | 4308 ||| FLEEEEING.
  4309 | D:5      | 4309 ||| FLEEEEING.
  4310 | D:5      | 4310 ||| FLEEEEING.
  4315 | D:5      | 4315 ||| FLEEEEING.
  4316 | D:5      | 4316 ||| FLEEEEING.
  4317 | D:5      | 4317 ||| FLEEEEING.
  4318 | D:5      | 4318 ||| FLEEEEING.
  4319 | D:5      | 4319 ||| FLEEEEING.
  4320 | D:5      | 4320 ||| FLEEEEING.
  4609 | D:5      | Noticed a vampire
  4610 | D:5      | Found a sparkling altar of Nemelex Xobeh.
  4610 | D:5      | Found a transporter.
  4610 | D:5      | Noticed a troll
  4613 | D:5      | 4613 ||| UPGRADING to +0 pair of gloves.
  4618 | D:5      | 4618 ||| UPGRADING to +1 leather armour of poison
                  | resistance.
  4628 | D:5      | 4628 ||| DROPPING +0 leather armour.
  4629 | D:5      | 4629 ||| UPGRADING to amulet of regeneration.
  4634 | D:5      | 4634 ||| READING scroll labelled KAUMECL ZOOQUA.
  4635 | D:5      | 4635 ||| READING scroll labelled UDUJOA XUDICE.
  4636 | D:5      | 4636 ||| DRINKING 3 sedimented blue potions.
  4637 | D:5      | 4637 ||| DROPPING 2 potions of degeneration.
  4748 | D:6      | Identified the +4 chain mail "Ameroges" {*Slow rN+ Slay+3}
  4773 | D:6      | Reached skill level 1 in Armour
  4775 | D:6      | HP: 10/43 [hound (4)]
  4776 | D:6      | 4776 ||| READING scroll of teleportation.
  4781 | D:6      | 4781 ||| RETREEAATING.
  4793 | D:6      | Reached skill level 3 in Invocations
  4793 | D:6      | Reached XP level 8. HP: 27/48 MP: 10/10
  4805 | D:6      | Reached skill level 8 in Ranged Weapons
  5004 | D:6      | Reached ** piety under Okawaru
  5166 | D:6      | 5166 ||| DROPPING ring of ice.
  5167 | D:6      | 5167 ||| READING scroll labelled JAPEIR YCLUSHRIUD.
  5167 | D:6      | 5167 ||| BRANDING +2 shortbow.
  5224 | D:7      | Noticed a wyvern
  5231 | D:7      | Killed a wyvern
  5245 | D:7      | Found a broken altar of Ashenzari.
  5364 | D:7      | Reached skill level 9 in Ranged Weapons
  5463 | D:7      | Reached skill level 3 in Dodging
  5555 | D:7      | Reached skill level 6 in Fighting
  5555 | D:7      | Reached XP level 9. HP: 55/55 MP: 12/12
  5592 | D:7      | Reached *** piety under Okawaru
  5721 | D:7      | Reached skill level 10 in Ranged Weapons
  5885 | D:7      | 5885 ||| UPGRADING to +2 leather armour of fire resistance.
  5895 | D:7      | 5895 ||| DROPPING +1 leather armour of poison resistance.
  5896 | D:7      | 5896 ||| UPGRADING to +0 cloak.
  5901 | D:7      | 5901 ||| READING scroll labelled DEPNAH CUOLUPUVARPH.
  5901 | D:7      | 5901 ||| IDENTIFYING golden potion
  5902 | D:7      | 5902 ||| DRINKING 2 glowing amethyst potions.
  6007 | D:7      | 6007 ||| DROPPING potion of berserk rage.
  6008 | D:7      | 6008 ||| DROPPING wand of flame (26).
  6039 | D:8      | Identified the +10 trident of Dried Tears {heavy, Fly rF+}
  6230 | D:8      | Reached **** piety under Okawaru
  6344 | D:8      | 6344 ||| RETREEAATING.
  6345 | D:8      | 6345 ||| STILL RETREEAATING.
  6346 | D:8      | 6346 ||| STILL RETREEAATING.
  6348 | D:8      | 6348 ||| STILL RETREEAATING.
  6349 | D:8      | 6349 ||| STILL RETREEAATING.
  6351 | D:8      | 6351 ||| Stepping ~*~*~tactically~*~*~ (retreating).
  6392 | D:8      | Reached XP level 10. HP: 63/63 MP: 12/14
  6648 | D:9      | Noticed Pikel
  6660 | D:9      | Reached skill level 6 in Invocations
  6693 | D:9      | Reached skill level 11 in Ranged Weapons
  6733 | D:9      | 6733 ||| RETREEAATING.
  6734 | D:9      | 6734 ||| STILL RETREEAATING.
  6758 | D:9      | Reached ***** piety under Okawaru
  6759 | D:9      | 6759 ||| INVOKING Finesse.
  6759 | D:9      | HP: 10/64 [yak (8)]
  6760 | D:9      | 6760 ||| READING scroll of teleportation.
  6761 | D:9      | 6761 ||| DRINKING 2 potions of heal wounds.
  6763 | D:9      | 6763 ||| DRINKING potion of heal wounds.
  6775 | D:9      | 6775 ||| RETREEAATING.
  6922 | D:9      | Noticed a two-headed ogre
  6928 | D:9      | Killed a two-headed ogre
  6957 | D:9      | Found a staircase to the Orcish Mines.
  7033 | D:9      | Received a gift from Okawaru
  7046 | D:9      | Reached XP level 11. HP: 58/68 MP: 17/17
  7121 | D:9      | 7121 ||| RETREEAATING.
  7123 | D:9      | 7123 ||| Stepping ~*~*~tactically~*~*~ (retreating).
  7124 | D:9      | 7124 ||| FLEEEEING.
  7125 | D:9      | 7125 ||| Stepping ~*~*~tactically~*~*~ (retreating).
  7135 | D:9      | 7135 ||| INVOKING Finesse.
  7159 | D:9      | Reached skill level 9 in Invocations
  7175 | D:9      | Killed Pikel
  7176 | D:9      | Reached skill level 12 in Ranged Weapons
  7709 | D:9      | 7709 ||| UPGRADING to +2 hat.
  7714 | D:9      | 7714 ||| READING scroll labelled UCOWKO TAPLEM.
  7715 | D:9      | 7715 ||| READING scroll labelled PYTAMU FYHEA.
  7742 | D:10     | Entered Level 10 of the Dungeon
  7746 | D:10     | 7746 ||| STAIRDANCE
  7757 | D:10     | 7757 ||| STAIRDANCE
  7778 | D:10     | 7778 ||| STAIRDANCE
  7797 | D:10     | HP: 13/68 [gnoll/+2 spear of distortion[a gnoll bouda]
                  | (15)]
  7798 | D:10     | HP: 5/68 [gnoll/+2 spear of distortion[a gnoll bouda] (9)]
  7806 | D:10     | HP: 4/68 [flying skull (5)]
  7812 | D:10     | HP: 5/68 [flying skull (4)]
  7814 | D:10     | Slain by a flying skull

Levels and vault maps discovered:
D:1:      sevenhm_arrival_forest_fort_large_4, layout_loops_corners,
          ebering_ecumenical_altar_mist, minmay_door_square
D:2:      layout_loops_corners, uniq_terence
D:3:      layout_basic, grunt_gozag_statues, mainiacjoe_overflow_boulevard,
          nicolae_hepliaklqana_hazy_memory, grunt_ministairs_15,
          chequers_serial_rivers_micro_e
D:4:      minmay_skewed_foursquare, layout_basic,
          gammafunk_temple_overflow_wave, makhleb_heckhound_becter,
          elyvilon_altar_1, minmay_temple_entry_crystal_x,
          nicolae_shop_self_help
D:5:      cheibrodos_thug_alley, layout_rooms,
          mainiacjoe_overflow_surrounded_room, grunt_nemelex_the_gamble
D:6:      layout_basic, serial_glass, glass_columns_a, glass_columns_b
D:7:      layout_basic, nicolae_ashenzari_panopticon
D:8:      layout_cave_pools, chequers_serial_rivers_marsh,
          kennysheep_generic_room_3
D:9:      layout_cave_pods, minmay_orc_entry_temple_small, uniq_pikel
D:10:     lemuel_vampire_tower, layout_basic,
          nzn_overflow_gifts_of_might_and_magic, dpeg_lair_monsters
Temple:   zaba_magenta_temple

Skill      XL: |  1  2  3  4  5  6  7  8  9 10 11 |
---------------+----------------------------------+-----
Ranged Weapons | 5 6 7 9 10 11 12 | 12.1
Fighting       | 3 4 6 7 8 |  8.0
Dodging        | 2 3 4 |  4.6
Invocations    | 3 4 5 8 9 |  9.8
Armour         | 1 2 |  2.3
Stealth        | |  1.1

Action                     |  1- 3 |  4- 6 |  7- 9 | 10-12 || total
---------------------------+-------+-------+-------+-------++-------
   Fire: Shortbow          |   111 |   162 |   396 |   338 ||  1007
 Invoke: Finesse           |       |       |       |     2 ||     2
    Use: Scroll            |     3 |     3 |     6 |     3 ||    15
         Potion            |     1 |     4 |     3 |     2 ||    10
 Armour: Leather armour    |    27 |    51 |   160 |   167 ||   405
  Dodge: Dodged            |    29 |    38 |   139 |   169 ||   375

Table legend:
 A = Non-vault XP
 B = Vault XP
 C = Vault XP percentage of total XP
 D = Non-vault monster count
 E = Vault monster count
 F = Vault count percentage of total count
                 A         B        C        D         E       F
            +---------+---------+-------+---------+---------+-------
      Total |    9773 |    1984 |  16.9 |     203 |      27 |  11.7
            +---------+---------+-------+---------+---------+-------
        D:1 |      42 |       0 |   0.0 |      17 |       0 |   0.0
        D:2 |      43 |      36 |  45.6 |      22 |       1 |   4.3
        D:3 |      72 |      55 |  43.3 |      12 |       3 |  20.0
        D:4 |     177 |      40 |  18.4 |      19 |       3 |  13.6
        D:5 |     344 |     209 |  37.8 |      12 |       7 |  36.8
        D:6 |     525 |       0 |   0.0 |      19 |       0 |   0.0
        D:7 |    1681 |       0 |   0.0 |      26 |       0 |   0.0
        D:8 |    1517 |     218 |  12.6 |      33 |       2 |   5.7
        D:9 |    5344 |     959 |  15.2 |      41 |      10 |  19.6
       D:10 |      28 |     467 |  94.3 |       2 |       1 |  33.3
            +---------+---------+-------+---------+---------+-------
